 Dungeon Crawl Stone Soup version 0.17.2 (webtiles) character file.

35 Charly the Ruffian (level 3, -3/32 HPs)
             Began as a Troll Transmuter on July 14, 2016.
             Slain by an ogre
             ... wielding a +0 giant club
              (22 damage)
             ... on level 4 of the Dungeon.
             The game lasted 00:02:28 (154 turns).

Charly the Ruffian (Troll Transmuter)                Turns: 154, Time: 00:02:28

Health: -3/32      AC:  5    Str: 18    XL:     3   Next: 17%
Magic:  2/3        EV: 10    Int:  9    God:
Gold:   0          SH:  0    Dex: 11    Spells: 2 memorised, 1 level left

rFire  . . .     SeeInvis .       - Unarmed
rCold  . . .     Clarity  .     b - +0 robe
rNeg   . . .     SustAt   .     (no shield)
rPois  .         Gourm    +     (helmet restricted)
rElec  .         Spirit   .     (no cloak)
rCorr  .         Warding  .     (gloves unavailable)
rMut   .         Stasis   .     (boots unavailable)
MR     .....                    (no amulet)
Stlth  +.........               (no ring)
                                (no ring)

@: not resistant to hostile enchantments, very unstealthy
A: unfitting armour, claws 3, fast metabolism 3, gourmand, regeneration 2,
shaggy fur 1, tough skin 2
a: no special abilities


You were on level 4 of the Dungeon.
You were very full.

You visited 1 branch of the dungeon, and saw 4 of its levels.

Inventory:

Missiles
 a - 11 arrows
Armour
 b - a +0 robe (worn)
Scrolls
 g - a scroll of identify {unknown}
 i - a scroll of remove curse {unknown}
Potions
 e - a potion of invisibility {unknown}
 f - a potion of poison {unknown}
 h - 2 potions of curing {unknown}
Books
 c - a book of Changes

   Spells                             Type                      Level
   a - Beastly Appendage              Transmutation                1
   b - Sticks to Snakes               Transmutation                2
   c - Spider Form                    Transmutation/Poison         3
   d - Ice Form                       Ice/Transmutation            4
   e - Blade Hands                    Transmutation                5
Comestibles
 d - 2 bread rations


   Skills:
 - Level 0.7 Fighting
 - Level 1.5 Dodging
 + Level 4.3 Unarmed Combat
 - Level 1.2 Spellcasting
 - Level 1.3 Transmutations


You had one spell level left.
You knew the following spells:

 Your Spells              Type           Power        Failure   Level  Hunger
a - Beastly Appendage     Trmt           #.....       21%         1    ##.....
b - Sticks to Snakes      Trmt           #.........   34%         2    ###....


Dungeon Overview and Level Annotations

Branches:
Dungeon (4/15)
 Temple: D:4-7

Altars:
Ru
Sif Muna
Zin


Innate Abilities, Weirdness & Mutations

You are too large for most types of armour.
You have claws for hands.
Your metabolism is lightning-fast.
You like to eat raw meat.
You heal very quickly.
You are covered in fur (AC +1).
You have very tough skin (AC +2).


Message History

Okay, then.
Found a spear and a beef jerky.
Your ball python withers and dies!
Found a stone staircase leading down.
An ogre comes into view. It is wielding a giant club.
The ogre shouts!
You see here a beef jerky.
Eat a beef jerky? (ye/n/q/i?) That beef jerky was delicious!
You scratch the ogre. You claw the ogre!
The ogre is heavily wounded.
The ogre barely misses you.
You scratch the ogre.
The ogre is heavily wounded.
The ogre barely misses you.
You scratch the ogre.
The ogre is severely wounded.
The ogre hits you with a giant club!!
Ouch! That really hurt!
You die...

. .#.... #. ....#
.## #.# #...#
.##.# ..##
#...##.##..
#.#####
.####...#......
#......
..........>#
#.###.##.#.
.......O..#
#...###.#.
#..@..# ##.##
#.#. #.#..#####
#.# #.#. #
#......# #.# #...
##.###.# #.# ##..
#.###.###.# #..
#......##.# #.#
##.##..##.# #.#
#.####...#..##.#
#.#
.)...........##<#
#.#


You could see an ogre.

Vanquished Creatures
  An iguana (D:4)
  2 giant geckos (D:1)
  A giant cockroach (D:1)
  2 goblins (D:1)
  2 giant newts (D:1)
  A rat (D:1)
9 creatures vanquished.

Notes
Turn   | Place    | Note
--------------------------------------------------------------
     0 | D:1      | Charly the Troll Transmuter began the quest for the Orb.
     0 | D:1      | Reached XP level 1. HP: 18/18 MP: 1/1
    38 | D:1      | Reached XP level 2. HP: 23/26 MP: 2/2
   112 | D:4      | Found a deep blue altar of Sif Muna.
   112 | D:4      | Found a sacrificial altar of Ru.
   112 | D:4      | Found a glowing silver altar of Zin.
   126 | D:4      | Learned a level 2 spell: Sticks to Snakes
   131 | D:4      | Reached skill level 4 in Unarmed Combat
   131 | D:4      | Reached XP level 3. HP: 7/32 MP: 0/3
   148 | D:4      | Noticed an ogre
   154 | D:4      | Slain by an ogre

Action                   || total
-------------------------++-------
Melee: Unarmed           ||    34
 Cast: Sticks to Snakes  ||     1
  Eat: Fruit             ||     2
       Chunk             ||     2
       Beef jerky        ||     1
